 Dungeon Crawl Stone Soup version 0.23.2-1-ga50397a (webtiles) character file.

Game seed: 11001216322691206666

479 IBeShadow the Skirmisher (level 7, -1/46 HPs)
             Began as a Tengu Fighter on May 16, 2019.
             Slain by an orc
             ... wielding a +2 hand axe of chopping
              (6 damage)
             ... on level 4 of the Dungeon.
             The game lasted 00:06:52 (3690 turns).

IBeShadow the Skirmisher (Tengu Fighter)            Turns: 3690, Time: 00:06:52

Health: -1/46      AC:  6    Str: 17    XL:     7   Next: 11%
Magic:  8/8        EV: 11    Int: 13    God:
Gold:   154        SH:  5    Dex: 13    Spells: 6/6 levels left

rFire    . . .     SeeInvis .   a - +0 flail
rCold    . . .     Gourm    .   g - +0 buckler
rNeg     . . .     Faith    .   b - +0 scale mail
rPois    .         Spirit   .   (helmet restricted)
rElec    .         Reflect  .   (no cloak)
rCorr    .         Harm     .   (no gloves)
MR       .....                  (boots unavailable)
Stlth    +.........             (no amulet)
HPRegen  0.15/turn              v - ring of stealth
MPRegen  0.11/turn              r - +3 ring of intelligence

@: lethally poisoned (-1 -> -3), flying quickly and evasively, quick
A: beak, talons 3, able to fly
a: Stop Flying


You were on level 4 of the Dungeon.
You were not hungry.

You visited 1 branch of the dungeon, and saw 4 of its levels.

You collected 154 gold pieces.

Inventory:

Hand Weapons
 a - a +0 flail (weapon)
Armour
 b - a +0 scale mail (worn)
 c - a +0 shield
 g - a +0 buckler (worn)
Jewellery
 k - an uncursed ring of magical power
 r - a +3 ring of intelligence (right hand)
 v - a ring of stealth (left hand)
Scrolls
 e - 2 scrolls of enchant armour {unknown}
 h - a scroll of fog {unknown}
 j - 4 scrolls of remove curse
 l - 2 scrolls of identify {unknown}
 m - a scroll of immolation
 n - 2 scrolls of amnesia {unknown}
 o - 4 scrolls of magic mapping {unknown}
 p - a scroll of random uselessness {unknown}
Potions
 d - 2 potions of might
 i - a potion of heal wounds {unknown}
 q - a potion of lignification {unknown}
 s - a potion of mutation {unknown}
 u - a potion of haste {unknown}
 w - a potion of curing {unknown}
 x - a potion of brilliance {unknown}
 z - a potion of invisibility {unknown}
Comestibles
 f - 9 rations
 t - 7 chunks of flesh


   Skills:
 * Level 6.0 Fighting
 + Level 4.4 Maces & Flails
 - Level 3.2 Armour
 + Level 4.5 Shields


You had 6 spell levels left.
You didn't know any spells.
Your spell library was empty.

Dungeon Overview and Level Annotations

Branches:
Dungeon (4/15)
 Temple: D:4-7

Altars:
Makhleb


Innate Abilities, Weirdness & Mutations

You have a beak for a mouth.
You have claws for feet.
You can fly continuously.


Message History

The adder closely misses you.
You barely miss the adder.
The adder is severely wounded.
The adder completely misses you. The adder bites you.
* * * LOW HITPOINT WARNING * * *
You are poisoned.
The adder poisons you!
You thump the adder!
You kill the adder!
Your Fighting skill increases to level 6!
You feel sick.
You feel sick.
An adder comes into view.
You feel sick.
The adder hisses angrily.
You sock the adder!
You kill the adder!
You feel sick.
The orc hits you with a +2 hand axe of chopping.
You die...

#.###.#.#####.###....#
#.......## ##.#..#
#.....)..# ##.#.#
#........# ###.#
#..##.#..# ##'##
#..##.#..# ##...##
#........# ##.....##
##...)...# ##.......##
#######...@####.........#
.........o....+.........+
#######.g..####.........#
#.#.## ##.......## #.###
##.....## #.# ##.<.## #
#.## ##+## #. #..# #.
##.#


You could see a gnoll and an orc.

Vanquished Creatures
  2 hounds (D:2)
  An orc priest (D:4)
  2 orc wizards (D:4)
  2 worker ants (D:2)
  5 gnolls
  11 adders
  An ooze (D:2)
  6 worms
  3 leopard geckos
  15 orcs
  2 giant cockroaches (D:1)
  14 goblins
  9 hobgoblins
  A quokka (D:2)
  2 ball pythons
  11 bats
  4 frilled lizards
  18 kobolds
  A leopard gecko skeleton (D:2)
  13 rats
123 creatures vanquished.

Notes
Turn   | Place    | Note
-------+----------+-------------------------------------------
     0 | D:1      | IBeShadow the Tengu Fighter began the quest for the Orb.
     0 | D:1      | Reached XP level 1. HP: 14/14 MP: 2/2
   375 | D:1      | Reached XP level 2. HP: 19/19 MP: 3/3
   856 | D:1      | Reached XP level 3. HP: 23/23 MP: 4/4
  1209 | D:2      | Found a burning altar of Makhleb.
  1218 | D:2      | Reached skill level 4 in Fighting
  1218 | D:2      | Reached XP level 4. HP: 13/29 MP: 5/5
  1787 | D:2      | Gained mutation: You can fly continuously. [Tengu growth]
  1787 | D:2      | Reached XP level 5. HP: 33/34 MP: 6/6
  2086 | D:2      | Reached skill level 5 in Fighting
  2284 | D:2      | Reached XP level 6. HP: 40/40 MP: 7/7
  3611 | D:4      | Reached XP level 7. HP: 17/45 MP: 8/8
  3619 | D:4      | HP: 2/45 [orc/+0 falchion (3)]
  3680 | D:4      | Reached skill level 6 in Fighting
  3690 | D:4      | Slain by an orc

Skill      XL: |  1  2  3  4  5  6  7 |
---------------+----------------------+-----
Fighting       | 4 5 6 |  6.0
Maces & Flails | 3 4 |  4.4
Shields        | 4 |  4.5
Armour         | |  3.2

Action                   |  1- 3 |  4- 6 |  7- 9 || total
-------------------------+-------+-------+-------++-------
Melee: Flail             |    85 |   213 |    12 ||   310
       Kick              |    13 |    48 |     3 ||    64
       Peck              |     7 |    27 |     1 ||    35
 Abil: Fly               |       |     1 |       ||     1
  Use: Scroll            |       |     2 |       ||     2
  Eat: Chunk             |     1 |     8 |       ||     9
Armor: Scale mail        |    54 |    64 |     9 ||   127
Dodge: Dodged            |    38 |   118 |    15 ||   171
Block: Shield            |    24 |       |       ||    24
       Buckler           |    10 |    54 |     2 ||    66
